[Event "Titled Tuesday Blitz June 27 Late 2023"]
[White "Boyer, Mahel"]
[Black "Zhigalko, Sergei"]
[WhiteFideId "45102422"]
[BlackFideId "13502956"]
[WhiteElo "2710"]
[BlackElo "2892"]
[Result "0-1"]
[Round "9"]
[TimeControl "180+2"]
[Date "2023.06.27"]
[WhiteClock "0:00:30"]
[BlackClock "0:00:13"]
[Board "16"]

1. d4 Nf6 2. c4 e6 3. Nf3 b6 4. g3 Ba6 5. Qc2 Bb4+ 6. Nbd2 Bb7 7. Bg2 Be4 8. Qb3 Bxd2+ 9. Bxd2 O-O 10. O-O d6 11. Bh3 Nbd7 12. Ne1 c5 13. f3 Bg6 14. Bc3 cxd4 15. Bxd4 e5 16. Bf2 Nc5 17. Qa3 a5 18. e4 Ne8 19. Rd1 f5 20. exf5 Bxf5 21. Bg2 Rc8 22. Rd2 Qc7 23. Nc2 Bxc2 24. Rxc2 Nf6 25. Rd1 e4 26. f4 Nd3 27. Bd4 d5 28. b3 Rfd8 29. Qa4 Qd6 30. Ba1 Qc5+ 31. Kh1 Ng4 32. Qb5 Ndf2+ 33. Kg1 Nh3+ 34. Kf1 Qg1+ 35. Ke2 Qe3+ 36. Kf1 Nxh2# 0-1


[Site "https://www.chess.com"]

[Event "Titled Tuesday Blitz June 27 Late 2023"]
[White "Rustemov, Alexander"]
[Black "Osmak, Yuliia"]
[WhiteFideId "4119002"]
[BlackFideId "14101602"]
[WhiteElo "2889"]
[BlackElo "2540"]
[Result "1-0"]
[Round "9"]
[TimeControl "180+2"]
[Date "2023.06.27"]
[WhiteClock "0:00:16"]
[BlackClock "0:00:00"]
[Board "17"]

1. d4 Nf6 2. c4 e6 3. Nf3 c5 4. d5 d6 5. Nc3 exd5 6. cxd5 g6 7. h3 Bg7 8. e4 O-O 9. Bd3 Nh5 10. Bg5 Bf6 11. Be3 Nd7 12. Be2 Ng7 13. O-O Re8 14. Nd2 a6 15. a4 Rb8 16. f4 Bd4 17. Bf2 f5 18. Bf3 b5 19. axb5 axb5 20. Bxd4 cxd4 21. Ne2 Nf6 22. Ng3 fxe4 23. Ndxe4 Nf5 24. Nxf5 Bxf5 25. Ng5 Qb6 26. Kh2 d3 27. g4 Qe3 28. Kg3 d2 29. gxf5 Nh5+ 30. Kg2 Nxf4+ 31. Kh2 Nd3 32. Ne6 Ne1 33. f6 Rbc8 34. Qe2 Qb3 35. Bg4 Kh8 36. f7 Rf8 37. Rd1 Qc2 38. Rxd2 1-0


[Site "https://www.chess.com"]

[Event "Titled Tuesday Blitz June 27 Late 2023"]
[White "Holt, Conrad"]
[Black "Andreikin, Dmitry"]
[WhiteFideId "2034387"]
[BlackFideId "4158814"]
[WhiteElo "2881"]
[BlackElo "3007"]
[Result "0-1"]
[Round "9"]
[TimeControl "180+2"]
[Date "2023.06.27"]
[WhiteClock "0:00:00"]
[BlackClock "0:01:01"]
[Board "18"]

1. d4 g6 2. c4 Bg7 3. Nf3 Nf6 4. Nc3 d5 5. Qb3 dxc4 6. Qxc4 a6 7. e4 b5 8. Qb3 O-O 9. e5 Nfd7 10. Be3 c5 11. dxc5 Nxe5 12. Nxe5 Bxe5 13. Rd1 Qa5 14. Bd2 Be6 15. Nd5 Qd8 16. Bh6 Nc6 17. Be2 Nd4 18. Rxd4 Bxd4 19. Bf3 Rc8 20. Bxf8 Kxf8 21. Qd3 Bxb2 22. O-O Rxc5 23. Rd1 Bxd5 24. Bxd5 e6 25. Bf3 Qxd3 26. Rxd3 Ke7 27. Kf1 Rc1+ 28. Rd1 Rc2 29. Be4 Rc4 30. Bb7 Ra4 31. Rd2 Rxa2 32. Ke2 b4 33. Be4 b3 34. Bb1 Bc3 35. Rxa2 bxa2 36. Bxa2 Bd4 37. f3 Bg1 38. h3 Kd6 39. Kd3 Ke5 40. Bb3 Kf4 0-1


[Site "https://www.chess.com"]

[Event "Titled Tuesday Blitz June 27 Late 2023"]
[White "He, Anthony"]
[Black "De La Villa Garcia, Jesus Maria"]
[WhiteFideId "2088215"]
[BlackFideId "2200040"]
[WhiteElo "2980"]
[BlackElo "2676"]
[Result "0-1"]
[Round "9"]
[TimeControl "180+2"]
[Date "2023.06.27"]
[WhiteClock "0:01:13"]
[BlackClock "0:00:45"]
[Board "19"]

1. e4 c6 2. Nf3 d5 3. d3 dxe4 4. dxe4 Qxd1+ 5. Kxd1 Nf6 6. Nfd2 g5 7. f3 h5 8. Nc4 Bh6 9. c3 Be6 10. Kc2 Nbd7 11. Be3 g4 12. Nbd2 gxf3 13. gxf3 Bxe3 14. Nxe3 O-O-O 15. f4 Nc5 16. Bg2 Ng4 17. Nxg4 Bxg4 18. h3 Be2 19. Rae1 Bd3+ 20. Kd1 Ba6 21. Kc2 Bd3+ 22. Kd1 Rdg8 23. Bf3 Rg3 24. Re3 Bxe4 25. Nxe4 Nxe4 26. Rhe1 Nf2+ 27. Kc2 Nxh3 28. f5 Ng5 29. f6 Rxf3 30. Rxf3 Nxf3 31. Rxe7 Ng5 32. Re5 Ne6 33. Re3 h4 34. Rh3 Ng5 35. Rh1 Ne4 36. Kd3 Nf2+ 0-1


[Site "https://www.chess.com"]

[Event "Titled Tuesday Blitz June 27 Late 2023"]
[White "Sanal, Vahap"]
[Black "Makridis, Dimitrios"]
[WhiteFideId "6300545"]
[BlackFideId "25864475"]
[WhiteElo "2966"]
[BlackElo "2743"]
[Result "1-0"]
[Round "9"]
[TimeControl "180+2"]
[Date "2023.06.27"]
[WhiteClock "0:01:10"]
[BlackClock "0:00:02"]
[Board "20"]

1. e4 c5 2. Nc3 Nc6 3. Bb5 Nd4 4. a4 a6 5. Bc4 e6 6. Nf3 Nf6 7. O-O d6 8. d3 Be7 9. Nxd4 cxd4 10. Ne2 e5 11. f4 O-O 12. fxe5 dxe5 13. Ng3 Ne8 14. Nf5 Bxf5 15. exf5 Bg5 16. Bxg5 Qxg5 17. Qf3 Nd6 18. Bb3 Qf6 19. Rae1 Rfe8 20. Re2 Re7 21. Rfe1 Rae8 22. g4 h6 23. Bd5 b5 24. axb5 axb5 25. Qg3 Kf8 26. h4 h5 27. gxh5 Nxf5 28. Qh3 Nxh4 29. Rf1 Qg5+ 30. Kh1 Qxh5 31. Ref2 f6 32. Rg1 Qh6 33. Rg4 g5 34. Rh2 Rh7 35. Qf1 Qg6 36. Be4 Qg7 37. Bxh7 Qxh7 38. Qxf6+ Qf7 39. Qh8+ Ke7 40. Qxe5+ Kd7 41. Qxb5+ Kc7 42. Qc5+ Kb7 43. Qb4+ Kc7 44. Qc4+ Qxc4 45. dxc4 Re1+ 46. Rg1 Rxg1+ 47. Kxg1 Nf3+ 48. Kg2 Nxh2 49. Kxh2 Kd6 50. b4 Ke5 51. b5 Kd6 52. b6 Kc6 53. c5 Kxc5 54. b7 Kc4 55. b8=Q Kc3 56. Qb3+ 1-0


[Site "https://www.chess.com"]

[Event "Titled Tuesday Blitz June 27 Late 2023"]
[White "Chigaev, Maksim"]
[Black "Mahdavi, Reza"]
[WhiteFideId "4108116"]
[BlackFideId "12595926"]
[WhiteElo "2907"]
[BlackElo "2749"]
[Result "1-0"]
[Round "9"]
[TimeControl "180+2"]
[Date "2023.06.27"]
[WhiteClock "0:00:10"]
[BlackClock "0:00:42"]
[Board "21"]

1. e4 c5 2. Nf3 d6 3. d4 cxd4 4. Nxd4 Nf6 5. Nc3 a6 6. f4 e5 7. Nb3 Be7 8. fxe5 dxe5 9. Qxd8+ Bxd8 10. Bg5 Be6 11. Nc5 Bc8 12. O-O-O b6 13. Nd3 h6 14. Nxe5 O-O 15. Bh4 Re8 16. Bc4 Ra7 17. Rhf1 b5 18. Bxf7+ Rxf7 19. Nxf7 Kxf7 20. e5 g5 21. Bg3 Bg4 22. Rde1 Nd7 23. Nd5 Kg6 24. exf6 Rxe1+ 25. Rxe1 Nxf6 26. Nxf6 Bxf6 27. Be5 Bd8 28. h3 Bf5 29. Rd1 Be7 30. a3 h5 31. Re1 g4 32. hxg4 Bxg4 33. g3 Kf5 34. Bf4 Bf6 35. Rf1 Ke6 36. c3 Kd5 37. Re1 a5 38. Kd2 Kc4 39. Bc7 Bg5+ 40. Bf4 Bf6 41. Re8 Kb3 42. Rb8 b4 43. axb4 a4 44. Kc1 Bf3 45. b5 Bg2 46. b6 Bxc3 47. bxc3 a3 48. c4 1-0


[Site "https://www.chess.com"]

[Event "Titled Tuesday Blitz June 27 Late 2023"]
[White "Rosen, Eric"]
[Black "Haydon, David L"]
[WhiteFideId "2032562"]
[BlackFideId "415405"]
[WhiteElo "2688"]
[BlackElo "2814"]
[Result "0-1"]
[Round "9"]
[TimeControl "180+2"]
[Date "2023.06.27"]
[WhiteClock "0:00:00"]
[BlackClock "0:00:43"]
[Board "22"]

1. d4 c6 2. Bf4 d5 3. e3 Nf6 4. Nd2 g6 5. Ngf3 Bg7 6. Be2 O-O 7. h3 Nbd7 8. O-O Re8 9. c4 e6 10. Qb3 a5 11. a3 Ne4 12. Rfd1 Qe7 13. Rac1 Nxd2 14. Rxd2 Nf6 15. Rdd1 Ne4 16. Bh2 a4 17. Qa2 Ng5 18. Ne5 Ne4 19. Qb1 Nd6 20. Qc2 f6 21. Nf3 Bd7 22. Nd2 Rec8 23. Qc3 Bf8 24. Bd3 b5 25. c5 Nc4 26. e4 Bh6 27. Bxc4 bxc4 28. Bd6 Qf7 29. f4 Ra7 30. Re1 Re8 31. e5 Bxf4 32. Rf1 Bxd2 33. Qxd2 f5 34. Rf2 Rb7 35. Qd1 Rb3 36. Rc3 Bc8 37. Rxb3 cxb3 38. Qd2 Ba6 39. Qa5 Bb5 40. Qd2 Qg7 41. g4 Kf7 42. Kh2 Rg8 43. Qa5 Re8 44. gxf5 exf5 45. e6+ Kg8 46. Be5 Qe7 47. Rg2 Qxe6 48. h4 Qe7 49. Qe1 Bd3 0-1


[Site "https://www.chess.com"]

[Event "Titled Tuesday Blitz June 27 Late 2023"]
[White "Bazeev, German"]
[Black "Alex_Sahakyan2006"]
[WhiteFideId "24119350"]
[WhiteElo "2807"]
[BlackElo "2687"]
[Result "1-0"]
[Round "9"]
[TimeControl "180+2"]
[Date "2023.06.27"]
[WhiteClock "0:00:09"]
[BlackClock "0:00:00"]
[Board "23"]

1. d4 Nf6 2. Nf3 d5 3. c4 e6 4. g3 h6 5. Qc2 dxc4 6. Qxc4 a6 7. Bg2 b5 8. Qc2 Bb7 9. O-O Nbd7 10. a4 Be7 11. Rd1 O-O 12. Bf4 Nd5 13. Nbd2 Nxf4 14. gxf4 Qb8 15. Ne4 bxa4 16. Rxa4 Bd5 17. Ned2 c5 18. f5 exf5 19. Qxf5 Nb6 20. Ra5 g6 21. Qh3 cxd4 22. Qxh6 Rd8 23. h4 Bf8 24. Qg5 Qc7 25. h5 Be7 26. Qg4 Be6 27. Qe4 Nd5 28. hxg6 Qxa5 29. gxf7+ Bxf7 30. Ne5 Nf6 31. Qf4 Rac8 32. Ne4 Qb6 33. Ng5 Bb3 34. Qf5 Bc2 35. Rd3 Bxd3 36. exd3 Rc1+ 37. Bf1 Ng4 38. Qf7+ 1-0


[Site "https://www.chess.com"]

[Event "Titled Tuesday Blitz June 27 Late 2023"]
[White "Leitao, Rafael"]
[Black "Fantinel, Thibault"]
[WhiteFideId "2101246"]
[BlackFideId "663395"]
[WhiteElo "2798"]
[BlackElo "2603"]
[Result "1-0"]
[Round "9"]
[TimeControl "180+2"]
[Date "2023.06.27"]
[WhiteClock "0:00:53"]
[BlackClock "0:00:16"]
[Board "24"]

1. c4 b6 2. d4 Bb7 3. Nc3 Nf6 4. a3 e6 5. d5 Bd6 6. Nf3 O-O 7. g3 c6 8. Bg2 Na6 9. Nd4 cxd5 10. cxd5 Nc7 11. Bg5 h6 12. Bxf6 Qxf6 13. O-O Nxd5 14. Nxd5 Bxd5 15. Bxd5 exd5 16. Qd3 Rac8 17. Rad1 Be5 18. e3 Bxd4 19. Qxd4 Qxd4 20. Rxd4 Rc2 21. b4 Ra2 22. Rxd5 Rxa3 23. Rxd7 Rc8 24. Rfd1 Ra2 25. Rb7 Rcc2 26. Rd8+ Kh7 27. Rxf7 Rc6 28. Rdd7 Rg6 29. Rxa7 Rb2 30. Rf4 Rd6 31. Kg2 1-0


[Site "https://www.chess.com"]

[Event "Titled Tuesday Blitz June 27 Late 2023"]
[White "Fernandez, Daniel"]
[Black "Leenhouts, Koen"]
[WhiteFideId "2015390"]
[BlackFideId "1008439"]
[WhiteElo "2740"]
[BlackElo "2561"]
[Result "1-0"]
[Round "9"]
[TimeControl "180+2"]
[Date "2023.06.27"]
[WhiteClock "0:01:14"]
[BlackClock "0:00:18"]
[Board "25"]

1. Nf3 Nf6 2. c4 c5 3. g3 g6 4. Bg2 Bg7 5. Nc3 d5 6. cxd5 Nxd5 7. h4 h5 8. Ng5 Nxc3 9. dxc3 Qxd1+ 10. Kxd1 O-O 11. a4 Nc6 12. Kc2 Bf5+ 13. Be4 Bxe4+ 14. Nxe4 b6 15. Rd1 Rfd8 16. Rxd8+ Rxd8 17. a5 Nxa5 18. Nxc5 Nc6 19. Nd3 a5 20. Be3 b5 21. Bb6 Ra8 22. e4 a4 23. Bc5 Na5 24. Rd1 Nb3 25. Bxe7 Re8 26. Bb4 Rxe4 27. Nf4 Bh6 28. Rd8+ Kh7 29. Rd7 Bxf4 30. Rxf7+ Kg8 31. Rxf4 Rxf4 32. gxf4 Kf7 33. Kd3 Ke6 34. c4 bxc4+ 35. Kxc4 Kf5 36. Kb5 Kxf4 37. Kxa4 Nc1 38. Bd2+ 1-0


[Site "https://www.chess.com"]

[Event "Titled Tuesday Blitz June 27 Late 2023"]
[White "Ter-Sahakyan, Samvel"]
[Black "Piesik, Piotr"]
[WhiteFideId "13302531"]
[BlackFideId "1136194"]
[WhiteElo "2884"]
[BlackElo "2629"]
[Result "1-0"]
[Round "9"]
[TimeControl "180+2"]
[Date "2023.06.27"]
[WhiteClock "0:00:07"]
[BlackClock "0:00:12"]
[Board "26"]

1. Nf3 g6 2. e4 Bg7 3. d4 c6 4. Nc3 d6 5. Be3 Nf6 6. Qd2 b5 7. Bd3 b4 8. Ne2 a5 9. Bh6 O-O 10. h4 Bxh6 11. Qxh6 Ng4 12. Qd2 h5 13. Ng5 e5 14. f3 Nf6 15. O-O-O Ba6 16. Kb1 c5 17. Bxa6 Nxa6 18. dxe5 dxe5 19. Qe3 Qe7 20. g4 Rad8 21. Rdg1 hxg4 22. h5 Kg7 23. fxg4 Rh8 24. h6+ Kf8 25. Rf1 Nc7 26. Qf3 Ne6 27. Nxe6+ Qxe6 28. Rhg1 Nh7 29. g5 Ke7 30. b3 Rd6 31. Qe3 Rc8 32. Rd1 c4 33. Qa7+ Rd7 34. Qxa5 Rb7 35. Rd5 cxb3 36. Rxe5 bxc2+ 37. Kc1 1-0


[Site "https://www.chess.com"]

[Event "Titled Tuesday Blitz June 27 Late 2023"]
[White "Ibarra Jerez, Jose Carlos"]
[Black "Aldokhin, Ivan"]
[WhiteFideId "2226332"]
[BlackFideId "24115720"]
[WhiteElo "2873"]
[BlackElo "2626"]
[Result "1-0"]
[Round "9"]
[TimeControl "180+2"]
[Date "2023.06.27"]
[WhiteClock "0:00:49"]
[BlackClock "0:00:11"]
[Board "27"]

1. e4 c5 2. Nf3 e6 3. d4 cxd4 4. Nxd4 a6 5. c4 Qc7 6. a3 Nf6 7. Nc3 d6 8. Be3 Be7 9. Be2 b6 10. O-O Bb7 11. f3 O-O 12. Rc1 Nbd7 13. b4 Rac8 14. Qd2 Qb8 15. Rc2 Bd8 16. Kh1 Bc7 17. Bg1 Rfe8 18. Na4 Kh8 19. Rb1 Rg8 20. c5 dxc5 21. bxc5 bxc5 22. Rcb2 Bf4 23. Qd1 cxd4 24. Rxb7 Qe5 25. Bxa6 Be3 26. R7b5 Rc5 27. Nxc5 Nxc5 28. Bxe3 dxe3 29. Qc1 Nfd7 30. Qxe3 Qd6 31. Bb7 Rb8 32. Bc6 Rxb5 33. Bxb5 Ne5 34. Rc1 1-0


[Site "https://www.chess.com"]

[Event "Titled Tuesday Blitz June 27 Late 2023"]
[White "HamedWafa4"]
[Black "Hansen, Eric"]
[BlackFideId "2606771"]
[WhiteElo "2623"]
[BlackElo "2868"]
[Result "0-1"]
[Round "9"]
[TimeControl "180+2"]
[Date "2023.06.27"]
[WhiteClock "0:00:02"]
[BlackClock "0:01:16"]
[Board "28"]

1. e4 c6 2. d4 d5 3. e5 Bf5 4. h4 h6 5. g4 Bd7 6. Nc3 e6 7. Be3 Qc7 8. h5 c5 9. Nb5 Bxb5 10. Bxb5+ Nc6 11. c3 a6 12. Be2 Qb6 13. b3 cxd4 14. cxd4 Ba3 15. Rb1 Nge7 16. Nf3 Qa5+ 17. Kf1 Rc8 18. Kg2 Nb4 19. Bd2 Qb6 20. Bc1 Bxc1 21. Rxc1 O-O 22. a3 Na2 23. Rxc8 Rxc8 24. b4 Nc3 25. Qd2 Ne4 26. Qe3 Rc3 27. Bd3 Rxa3 28. Rc1 Qxb4 29. Qe2 Rc3 30. Rb1 Rb3 31. Rc1 Qa3 32. Rc7 Rxd3 33. Rxe7 Qxe7 34. Qxd3 Qb4 35. Qc2 Qc3 36. Qb1 Qxf3+ 0-1


[Site "https://www.chess.com"]

[Event "Titled Tuesday Blitz June 27 Late 2023"]
[White "Mekhitarian, Krikor Sevag"]
[Black "Grinev, Valeriy"]
[WhiteFideId "2107660"]
[BlackFideId "14117517"]
[WhiteElo "2856"]
[BlackElo "2616"]
[Result "1/2-1/2"]
[Round "9"]
[TimeControl "180+2"]
[Date "2023.06.27"]
[WhiteClock "0:00:14"]
[BlackClock "0:01:26"]
[Board "29"]

1. Nf3 c5 2. c4 Nc6 3. Nc3 g6 4. d4 cxd4 5. Nxd4 Bg7 6. e3 Nf6 7. Be2 O-O 8. Nc2 d6 9. e4 Bd7 10. O-O Rc8 11. Be3 a6 12. h3 Ne5 13. Na3 Qa5 14. c5 Rxc5 15. Bxc5 Qxc5 16. Rc1 Qa7 17. Kh1 b5 18. f4 Nc6 19. e5 dxe5 20. fxe5 Nxe5 21. Nc2 Bc6 22. Nd4 Ba8 23. Nf3 Nc4 24. Bxc4 bxc4 25. Qd4 Qb8 26. Qe5 Qxb2 27. Qxe7 Nh5 28. Qe1 Bxc3 29. Rxc3 Ng3+ 30. Qxg3 Qxc3 31. Kh2 Bxf3 32. Rxf3 Qb2 33. a3 Re8 34. Rc3 Qb5 35. Qf4 Qe5 36. Qxe5 Rxe5 37. Rxc4 Ra5 38. a4 Kg7 39. h4 h5 40. g3 Re5 41. Rc6 a5 42. Ra6 g5 43. hxg5 Rxg5 44. Kh3 Rc5 45. Kg2 f6 46. Kh3 Kg6 47. Kg2 Kg5 48. Kh3 Rd5 49. Ra8 Kf5 50. Kh4 Rd4+ 51. Kxh5 Rxa4 52. g4+ Kf4 53. Rf8 Ke5 54. Re8+ Kd6 55. Rf8 Ke7 56. Ra8 Ra1 57. Kg6 a4 58. Ra7+ Ke6 59. Ra6+ Ke5 60. Rxf6 a3 61. Ra6 a2 62. g5 Kd5 63. Kg7 Rg1 64. Rxa2 Rxg5+ 65. Kf6 Rg3 66. Rd2+ Ke4 67. Re2+ 1/2-1/2


[Site "https://www.chess.com"]

[Event "Titled Tuesday Blitz June 27 Late 2023"]
[White "Licznerski, Lukasz"]
[Black "Vdovin, Vadim"]
[WhiteFideId "1179250"]
[BlackFideId "24107158"]
[WhiteElo "2847"]
[BlackElo "2612"]
[Result "0-1"]
[Round "9"]
[TimeControl "180+2"]
[Date "2023.06.27"]
[WhiteClock "0:00:00"]
[BlackClock "0:00:08"]
[Board "30"]

1. e4 c5 2. Nf3 d6 3. Bb5+ Bd7 4. Bxd7+ Qxd7 5. O-O Nf6 6. Re1 Nc6 7. c3 e6 8. d4 cxd4 9. cxd4 d5 10. e5 Ne4 11. Nbd2 Nxd2 12. Bxd2 Bb4 13. Bxb4 Nxb4 14. Qd2 Nc6 15. h4 h6 16. h5 O-O 17. Rac1 Rac8 18. Rc3 Ne7 19. Rec1 Rxc3 20. Rxc3 Rc8 21. Qc2 Rxc3 22. Qxc3 Qa4 23. a3 Qd1+ 24. Kh2 Nc6 25. b4 a6 26. Kg3 Qh1 27. Nh2 Qb1 28. Nf3 Qf5 29. Qc5 Qxh5 30. Qb6 Qg6+ 31. Kh2 Qe4 32. a4 Kh7 33. b5 axb5 34. axb5 Ne7 35. Qxb7 Nf5 36. Qc7 Qf4+ 37. Kg1 Nxd4 38. Nxd4 Qxd4 39. Qxf7 Qa1+ 40. Kh2 Qxe5+ 41. f4 Qe1 42. Qxe6 Qxe6 0-1


[Site "https://www.chess.com"]

[Event "Titled Tuesday Blitz June 27 Late 2023"]
[White "Tiglon, Bryce"]
[Black "Gubajdullin, Alexei"]
[WhiteFideId "2087456"]
[BlackFideId "4141202"]
[WhiteElo "2781"]
[BlackElo "2610"]
[Result "1/2-1/2"]
[Round "9"]
[TimeControl "180+2"]
[Date "2023.06.27"]
[WhiteClock "0:00:11"]
[BlackClock "0:00:18"]
[Board "31"]

1. Nf3 Nf6 2. e3 g6 3. d4 Bg7 4. Be2 O-O 5. O-O d6 6. c4 Nbd7 7. Nc3 e5 8. Qc2 Re8 9. dxe5 dxe5 10. Rd1 e4 11. Nd2 Qe7 12. Nd5 Nxd5 13. cxd5 Nf6 14. Nb1 Bg4 15. Nc3 Rad8 16. h3 Bxe2 17. Qxe2 Rd7 18. Qb5 b6 19. Bd2 Red8 20. Be1 Qe5 21. Rd4 Nxd5 22. Rad1 Nxc3 23. Qxe5 Bxe5 24. Rxd7 Rxd7 25. Rxd7 Nxa2 26. b4 a6 27. f4 exf3 28. gxf3 Bd6 29. Kf1 Kf8 30. Rd8+ Ke7 31. Ra8 Nxb4 32. Bxb4 Bxb4 33. Rxa6 b5 34. Ra7 Bd6 35. Ke2 b4 36. Kd3 Kf6 37. Ra5 h5 38. Rb5 Ke6 39. Kd4 f6 40. f4 f5 41. Rb7 Kf6 42. Kd5 Kf7 43. Rb8 Kf6 44. Rb7 Kf7 45. Kd4 Ke6 46. Rb5 Kf6 47. Kd5 Kf7 48. Ra5 Kf6 49. Ra1 Kf7 50. Rb1 Kf6 51. Rc1 Kf7 52. Rd1 Kf6 53. Rf1 Kf7 54. Rg1 Kf6 55. Rh1 Kf7 56. Ra1 Kf6 57. Ra8 Kf7 58. Kd4 Kf6 59. Ra5 Kf7 60. Rb5 Kf6 61. Kd3 Kf7 62. Ke2 Kf6 63. Kd2 Kf7 64. Kc2 Kf6 65. Kb3 Kf7 66. Kc4 Kf6 67. Kd5 Kf7 68. Kc6 Kf6 69. h4 Kf7 70. Kd7 Kf6 71. Rb7 Kf7 72. Rb8 Kf6 73. Rb7 Kf7 74. Rb5 Kf6 75. Rd5 Kf7 76. Rd3 Kf6 77. Kc6 Kf7 78. Kd5 Kf6 79. Kc4 Kf7 80. Rd5 Kf6 81. Ra5 Kf7 82. Ra7 Kf6 83. Rb7 Kf7 84. Kd5 Kf6 85. Kc6 Kf7 86. Kd7 Kf6 87. Rb8 Kf7 88. Rb5 1/2-1/2


[Site "https://www.chess.com"]

[Event "Titled Tuesday Blitz June 27 Late 2023"]
[White "Ballester Llagaria, Luis Eduardo"]
[Black "Cruz, Jonathan"]
[WhiteFideId "2297620"]
[BlackFideId "3802124"]
[WhiteElo "2601"]
[BlackElo "2777"]
[Result "1-0"]
[Round "9"]
[TimeControl "180+2"]
[Date "2023.06.27"]
[WhiteClock "0:00:30"]
[BlackClock "0:00:00"]
[Board "32"]

1. e4 e5 2. Nf3 Nc6 3. Bc4 Be7 4. d4 exd4 5. c3 Nf6 6. e5 Ne4 7. Bd5 Nc5 8. cxd4 Ne6 9. O-O O-O 10. Bb3 Na5 11. Bc2 d5 12. Qd3 g6 13. Bh6 Re8 14. Nc3 Nc4 15. b3 Na3 16. Bd1 b6 17. Rc1 Bb7 18. Ne2 c5 19. Nf4 c4 20. Qe3 b5 21. g3 Rc8 22. h4 Ng7 23. Bxg7 Kxg7 24. e6 f6 25. h5 Bd6 26. Nh4 Bxf4 27. Qxf4 g5 28. Nf5+ Kh8 29. Qd6 Qb6 30. Qd7 Qc7 31. Nd6 1-0


[Site "https://www.chess.com"]

[Event "Titled Tuesday Blitz June 27 Late 2023"]
[White "Santos Ruiz, Miguel"]
[Black "Sargsyan, Anna M."]
[WhiteFideId "22291482"]
[BlackFideId "13308130"]
[WhiteElo "2770"]
[BlackElo "2594"]
[Result "1-0"]
[Round "9"]
[TimeControl "180+2"]
[Date "2023.06.27"]
[WhiteClock "0:00:17"]
[BlackClock "0:00:01"]
[Board "33"]

1. e4 c6 2. d4 d5 3. exd5 cxd5 4. Nf3 Nc6 5. Bf4 Nf6 6. c3 Qb6 7. Qb3 Bf5 8. Na3 Qxb3 9. axb3 Rc8 10. Nh4 Bd7 11. Bd3 e6 12. Nf3 Ne4 13. h4 Bd6 14. Bxd6 Nxd6 15. Kd2 a6 16. Nc2 Ne7 17. Ne3 Bb5 18. Bxb5+ Nxb5 19. Ne5 Nd6 20. f3 Nef5 21. Nxf5 Nxf5 22. g4 Nd6 23. h5 h6 24. Rhe1 Ke7 25. Nd3 Rc7 26. Nc5 Kf6 27. Re2 g6 28. hxg6 Kxg6 29. Nxe6 Ne4+ 30. Rxe4 fxe6 31. Rxe6+ Kg5 32. Re5+ Kf4 33. Rf5+ Kg3 34. Rg1+ Kf2 35. Re1 Rd7 36. Ree5 Rhd8 37. b4 Rd6 38. Kd3 b6 39. f4 a5 40. b5 a4 41. g5 h5 42. Rf7 Rg6 43. Rh7 Rf8 44. Rxh5 Rxf4 45. Re2+ Kg3 46. Rh1 Rxg5 47. Rg1+ Kh4 48. Rh2# 1-0


[Site "https://www.chess.com"]

[Event "Titled Tuesday Blitz June 27 Late 2023"]
[White "Morefield, Jason"]
[Black "Domingo Nunez, Ruben"]
[WhiteFideId "30920825"]
[BlackFideId "22245570"]
[WhiteElo "2767"]
[BlackElo "2583"]
[Result "1-0"]
[Round "9"]
[TimeControl "180+2"]
[Date "2023.06.27"]
[WhiteClock "0:00:16"]
[BlackClock "0:00:05"]
[Board "34"]

1. e4 a6 2. d4 h6 3. Nf3 g6 4. Bd3 Bg7 5. O-O d6 6. e5 Nc6 7. Re1 Bg4 8. h3 Bxf3 9. Qxf3 dxe5 10. dxe5 e6 11. Bf4 Nge7 12. Nc3 Qd4 13. Rad1 Qb4 14. Rb1 O-O-O 15. Re4 Rd4 16. a3 Qa5 17. Rxd4 Nxd4 18. Qe4 Rd8 19. Rd1 Nec6 20. Re1 Nf5 21. Bh2 Rd4 22. Qe2 Rd7 23. Nb1 Rd5 24. b4 Qb6 25. Nc3 Rd7 26. Na4 Ncd4 27. Nxb6+ 1-0


[Site "https://www.chess.com"]

[Event "Titled Tuesday Blitz June 27 Late 2023"]
[White "Manukyan, Artyom"]
[Black "Nazari, Arad"]
[WhiteFideId "13305786"]
[BlackFideId "12577324"]
[WhiteElo "2581"]
[BlackElo "2753"]
[Result "1-0"]
[Round "9"]
[TimeControl "180+2"]
[Date "2023.06.27"]
[WhiteClock "0:00:13"]
[BlackClock "0:00:03"]
[Board "35"]

1. e4 c5 2. Nc3 d6 3. f4 Nc6 4. Nf3 g6 5. Bc4 Bg7 6. O-O e6 7. f5 exf5 8. d3 Nge7 9. Qe1 h6 10. Bd2 O-O 11. Qh4 fxe4 12. dxe4 Na5 13. Bg5 Nxc4 14. Bxe7 Qe8 15. Nd5 Be6 16. Nf6+ Bxf6 17. Bxf6 h5 18. Qg5 Kh7 19. Qf4 Bg4 20. Ng5+ Kg8 21. h3 Bd7 22. b3 Ne5 23. Rad1 Bb5 24. c4 Bc6 25. Rxd6 Nd7 26. Bb2 f6 27. Ne6 Qe7 28. Nxf8 Rxf8 29. Bxf6 Qh7 30. e5 Nxf6 31. Rxf6 Re8 32. e6 Qe7 33. Qe5 Kh7 1-0


[Site "https://www.chess.com"]

[Event "Titled Tuesday Blitz June 27 Late 2023"]
[White "Bjelobrk, Igor"]
[Black "Aradhya, Garg"]
[WhiteFideId "4300726"]
[BlackFideId "25006746"]
[WhiteElo "2579"]
[BlackElo "2752"]
[Result "1/2-1/2"]
[Round "9"]
[TimeControl "180+2"]
[Date "2023.06.27"]
[WhiteClock "0:00:25"]
[BlackClock "0:00:36"]
[Board "36"]

1. d4 d5 2. c4 e6 3. Nf3 Nf6 4. g3 dxc4 5. Bg2 c5 6. O-O Nc6 7. dxc5 Qxd1 8. Rxd1 Bxc5 9. Nbd2 c3 10. bxc3 O-O 11. Nb3 Be7 12. Nfd4 Nxd4 13. Rxd4 e5 14. Rd1 Bg4 15. Bxb7 Rab8 16. Bf3 Be6 17. Be3 a6 18. Nc5 Bc4 19. Nd7 Nxd7 20. Rxd7 Ba3 21. Rc7 Rfc8 22. Rxc8+ Rxc8 23. Rb1 h6 24. Kf1 Be7 25. a4 Be6 26. Bb7 Rxc3 27. Bxa6 Ra3 28. Bb5 f5 29. Rc1 Ra2 30. Bc4 Bxc4 31. Rxc4 Kf8 32. Bb6 Ra1+ 33. Kg2 Ra2 34. e4 fxe4 35. Rxe4 Bd6 36. a5 Ke7 37. h4 Kd7 38. h5 Kc6 39. Rg4 Kd5 40. Rxg7 Bb4 41. Rg6 Bd2 42. Kh3 Ke4 43. Kg4 Ra4 44. f3+ Kd3+ 45. Kf5 Ke2 46. Kxe5 Kxf3 47. Kd5 Bxa5 48. Bxa5 Rxa5+ 49. Ke6 Rxh5 50. g4 Ra5 51. Kf7 Rg5 52. Rxh6 Rxg4 53. Rf6+ Ke4 54. Re6+ Kd5 55. Rf6 Ra4 56. Rf5+ Kd6 57. Kf6 Ra8 58. Kg5 Rg8+ 59. Kf4 Ke6 60. Re5+ Kd6 61. Rf5 Re8 62. Rf6+ Kd5 63. Rf7 Re4+ 64. Kf5 Re1 65. Rd7+ Kc5 66. Rd2 Rf1+ 67. Ke5 Kc4 68. Ke4 Kc3 69. Rd3+ Kc2 70. Rd6 Re1+ 71. Kd5 Kc3 72. Rc6+ Kd3 73. Re6 Rh1 74. Rf6 Rh5+ 75. Ke6 Ke4 76. Kd6 Rd5+ 77. Ke6 Ra5 78. Rf1 Ra6+ 79. Ke7 Kd5 80. Rd1+ Ke4 81. Re1+ Kf3 82. Rf1+ Ke2 83. Rb1 Rc6 84. Ra1 Kd3 85. Rd1+ Ke4 86. Re1+ Kf3 87. Rf1+ Ke2 88. Ra1 Rc2 89. Ke6 Kd2 90. Ke5 Rc1 91. Rxc1 Kxc1 1/2-1/2


[Site "https://www.chess.com"]

[Event "Titled Tuesday Blitz June 27 Late 2023"]
[White "JackRodgers"]
[Black "Troff, Kayden"]
[BlackFideId "2047896"]
[WhiteElo "2572"]
[BlackElo "2731"]
[Result "0-1"]
[Round "9"]
[TimeControl "180+2"]
[Date "2023.06.27"]
[WhiteClock "0:00:50"]
[BlackClock "0:00:20"]
[Board "37"]

1. d4 Nf6 2. Bg5 d5 3. Bxf6 exf6 4. e3 c5 5. c3 Nc6 6. g3 h5 7. h4 cxd4 8. exd4 Bg4 9. Qb3 Qe7+ 10. Be2 O-O-O 11. f3 Bf5 12. Kf1 Qe3 13. Qd1 Bd6 14. Kg2 g5 15. Qd2 Qe7 16. Bd3 Bxd3 17. Qxd3 gxh4 18. Rxh4 Rhg8 19. Ne2 Rde8 20. Nf4 Kb8 21. Na3 f5 22. Kh3 Rxg3+ 23. Kxg3 Qg5+ 24. Kh3 Rg8 0-1


[Site "https://www.chess.com"]